 Dungeon Crawl Stone Soup version 0.16.0-11-gd45b091 (console) character file.

17073 gw the Basher (level 12, 0/104 HPs)
             Began as a Purple Draconian Fighter on Mar 17, 2015.
             Was an Elder of Okawaru.
             Succumbed to a spiny frog's poison
             ... on level 1 of the Lair of Beasts.
             The game lasted 00:16:14 (15604 turns).

gw the Basher (Purple Draconian Fighter)           Turns: 15604, Time: 00:16:14

Health: 0/104      AC: 16    Str: 16    XL:     12   Next: 15%
Magic:  23/23      EV: 25    Int: 15    God:    Okawaru [****..]
Gold:   706        SH: 16    Dex: 23    Spells: 0 memorised, 11 levels left

rFire  . . .     SeeInvis +     a - +3 flail
rCold  . . .     Clarity  .     (armour unavailable)
rNeg   + . .     SustAb   .     r - +2 shield {AC+3}
rPois  .         Gourm    .     x - +2 hat
rElec  .         Spirit   .     t - +0 cloak "Quixeblearch" {+Fly Str-3 Int+4 Dex+4 Stlth-}
rCorr  .         Warding  +     b - +0 pair of gloves
rMut   .         Stasis   .     d - +0 pair of boots
MR     +....                    A - amulet of warding
Stlth  ++........               J - ring of see invisible
                                G - ring of Schabab {Int+2 Dex+4}

@: lethally poisoned (0 -> -9), heroism, very slightly contaminated, somewhat
resistant to hostile enchantments, unstealthy
A: breathe power, unfitting armour, cold-blooded, AC +8
a: Breathe Dispelling Energy, Heroism, Renounce Religion, Evoke Flight


You were on level 1 of the Lair of Beasts.
You worshipped Okawaru.
Okawaru was greatly pleased with you.
You were near starving.

You visited 2 branches of the dungeon, and saw 12 of its levels.

You collected 706 gold pieces.

Inventory:

Hand weapons
 a - a +3 flail (weapon)
Missiles
 g - 129 poisoned needles
 i - 265 stones
 l - 8 needles of sleeping
 z - a poisoned tomahawk (quivered)
 L - 6 needles of frenzy
Armour
 b - a +0 pair of gloves (worn)
 d - a +0 pair of boots (worn)
 r - a +2 shield of protection (worn)
 t - the +0 cloak "Quixeblearch" (worn) {+Fly Str-3 Int+4 Dex+4 Stlth-}
   (Okawaru gifted it to you on level 11 of the Dungeon)

   It affects your strength (-3).
   It affects your intelligence (+4).
   It affects your dexterity (+4).
   It lets you fly.
   It makes you less stealthy.
 x - a +2 hat (worn)
Jewellery
 A - an amulet of warding (around neck)
 G - the ring of Schabab (left hand) {Int+2 Dex+4}
   (You found it on level 11 of the Dungeon)

   [ring of intelligence]

   It affects your intelligence (+2).
   It affects your dexterity (+4).
 J - a ring of see invisible (right hand)
Magical devices
 c - a wand of teleportation (0)
 k - a wand of teleportation (1)
 v - a wand of slowing (19)
 B - a wand of confusion (10)
 M - a wand of frost (4)
Scrolls
 n - 9 scrolls of identify
 w - a scroll of amnesia
 C - a scroll of silence {unknown}
 K - a scroll of remove curse
Potions
 e - a potion of agility
 m - a potion of haste
 F - a potion of restore abilities
Comestibles
 f - 10 bread rations
 h - a royal jelly
 j - 10 slices of pizza
 o - 3 beef jerkies
 q - 9 fruits
 s - 5 meat rations


   Skills:
 + Level 9.1(14.1) Fighting
 * Level 11.0(16.0) Maces & Flails
 + Level 7.0(12.0) Throwing
 + Level 7.2(12.2) Dodging
 + Level 8.5(13.5) Shields
 + Level 8.0 Invocations


You had 11 spell levels left.
You didn't know any spells.

Dungeon Overview and Level Annotations

Branches:
Dungeon (11/15)            Temple (0/1) D:7            Lair (1/8) D:9
    Orc (0/4) D:10

Altars:
Kikubaaqudgha
Okawaru
Qazlal
Xom
Zin
The Shining One

Shops:
D:6 *[%   D:8 ?   D:10 =


Innate Abilities, Weirdness & Mutations

You can breathe bolts of energy.
You can dispel enchantments when you breathe energy.
Your rich purple scales are hard (AC +8).
Your body does not fit into most forms of armour.
Your cold-blooded metabolism reacts poorly to cold.


Message History

Unknown command.
MOVING TO (3,1)
The water moccasin bites you!
Unknown command.
Unknown command.
Unknown command.
MOVING TO (2,1)
The spiny frog stings you!
You are lethally poisoned!
The spiny frog poisons you!
Unknown command.
Unknown command.
Unknown command.
MOVING TO (1,1)
You feel sick.
Unknown command.
Unknown command.
Unknown command.
MOVING TO (1,-8)
You die...

............#. .
.......h.....####...
...................# #
...................#...
...................#.#
.....................#
.....................#
..........rr.......#
........r.r....Sd.#
#...>.....tr..rr.##
###........#...F##
...................
....................
.....!..............
#...................
##.................
...............


You could see a spiny frog, a water moccasin, a crocodile, a porcupine and 6
river rats.

Table legend:
 A = Turns spent in this place as a percentage of turns spent in the entire game.
 B = Non-inter-level travel turns spent in this place as a percentage of non-inter-level travel turns spent in the entire game.
 C = Inter-level travel turns spent in this place as a percentage of turns spent in this place.
 D = Turns resting spent in this place as a percentage of non-inter-level travel turns spent in this place.
 E = Turns spent auto-exploring this place as a percentage of non-inter-level travel turns spent in this place.
 F = Non-inter-level travel turns spent in this place divided by the number of levels of this place that you've seen.
                   A       B       C       D       E      F
               +-------+-------+-------+-------+-------+----------------------
         Total | 100.0 | 100.0 |   0.5 |   0.8 |   2.2 | 2077.6
       Dungeon |  96.8 |  96.9 |   0.5 |   0.8 |   2.3 | 2195.1
          Lair |   3.2 |   3.1 |   1.4 |   0.8 |   0.5 | 785.0
               +-------+-------+-------+-------+-------+----------------------

Table legend:
 A = Kills in this place as a percentage of kills in entire the game.
 B = Kills by you in this place as a percentage of kills by you in the entire game.
 C = Kills by friends in this place as a percentage of kills by friends in the entire game.
 D = Other kills in this place as a percentage of other kills in the entire game.
 E = Experience gained in this place as a percentage of experience gained in the entire game.
 F = Experience gained in this place divided by the number of levels of this place that you have seen.
                   A       B       C       D       E      F
               +-------+-------+-------+-------+-------+----------------------
         Total | 100.0 | 100.0 |  -nan |  -nan | 100.0 | 2032.5
       Dungeon |  97.1 |  97.1 |  -nan |  -nan |  84.0 | 1861.5
          Lair |   2.9 |   2.9 |  -nan |  -nan |  16.0 | 3913.0
               +-------+-------+-------+-------+-------+----------------------

Vanquished Creatures
  Nessos (D:11)
  The ghost of Ironfoot the Grappler, an experienced TrMo of Ru (Lair:1)
  The ghost of Matholomew the Blocker, an experienced FoFi of Okawaru (Lair:1)
  2 unseen horrors
  2 hill giants
  Pikel (D:9)
  The ghost of ElfBoy the Destroyer, an experienced DECj of Ashenzari (D:7)
  A cyclops (D:11)
  Joseph (D:8)
  A black mamba (Lair:1)
  A spiny frog (Lair:1)
  A komodo dragon (Lair:1)
  3 trolls
  A two-headed ogre (D:9)
  4 yaks
  A shadow (D:9)
  A trapdoor spider (D:9)
  A deep elf mage (D:11)
  A hill giant zombie (D:9)
  A human (D:7)
  3 hungry ghosts
  A wyvern (D:10)
  A steam dragon (D:11)
  7 wolves
  Edmund (D:8)
  2 slaves (D:9)
  2 necrophages
  A water moccasin (Lair:1)
  12 centaurs
  4 phantoms
  3 sky beasts
  An orc warrior (D:9)
  5 ogres
  2 crocodiles
  3 ice beasts
  Sigmund (D:4)
  8 giant frogs
  A big kobold (D:11)
  A gnoll sergeant (D:8)
  A wyvern zombie (D:6)
  5 scorpions
  12 killer bees
  A troll zombie (D:9)
  2 electric eels (D:9)
  6 crimson imps
  2 giant frog zombies
  A quasit (D:9)
  A centaur zombie (D:5)
  A goliath beetle (D:7)
  12 hounds
  10 orc priests
  3 centaur skeletons
  10 orc wizards
  3 iguanas
  10 worker ants
  2 killer bee zombies
  3 sheep (D:7)
  6 ogre zombies (D:9)
  2 hound zombies
  A worker ant zombie (D:4)
  6 gnolls (D:8)
  16 adders
  7 shadow imps
  A giant mite (D:6)
  3 worms
  An adder zombie (D:9)
  An adder skeleton (D:9)
  4 giant geckos
  3 oozes
  44 orcs
  A bat skeleton (D:7)
  6 giant cockroaches
  10 goblins
  11 hobgoblins
  13 jackals
  20 kobolds
  8 quokkas
  A ball python (D:2)
  13 bats
  A giant gecko zombie (D:5)
  7 giant newts
  3 giant spores
  3 goblin zombies (D:9)
  A hobgoblin skeleton (D:9)
  5 hobgoblin zombies
  A jackal skeleton (D:4)
  4 orc skeletons (D:9)
  13 orc zombies (D:9)
  A quokka skeleton (D:7)
  A quokka zombie (D:9)
  20 rats
  A ballistomycete (D:7)
410 creatures vanquished.

Vanquished Creatures (others)
  A human (D:5)
1 creature vanquished.

Grand Total: 411 creatures vanquished

Notes
Turn   | Place    | Note
--------------------------------------------------------------
     0 | D:1      | gw, the Draconian Fighter, began the quest for the Orb.
     0 | D:1      | Reached XP level 1. HP: 19/19 MP: 1/1
   286 | D:1      | Reached XP level 2. HP: 26/26 MP: 2/2
   764 | D:2      | Reached XP level 3. HP: 4/31 MP: 3/3
   771 | D:2      | HP: 1/31 [poisoned by an adder]
  1511 | D:2      | Reached XP level 4. HP: 40/40 MP: 4/4
  1520 | D:2      | Reached skill level 1 in Throwing
  1691 | D:2      | Found an iron altar of Okawaru.
  1691 | D:2      | Found an ancient bone altar of Kikubaaqudgha.
  1698 | D:2      | Became a worshipper of Warmaster Okawaru
  2370 | D:3      | Reached skill level 1 in Invocations
  2518 | D:3      | Reached XP level 5. HP: 46/46 MP: 5/5
  3219 | D:4      | Noticed Sigmund
  3233 | D:4      | Killed Sigmund
  3233 | D:4      | Reached skill level 4 in Fighting
  3328 | D:4      | Reached XP level 6. HP: 41/52 MP: 7/7
  3944 | D:4      | Noticed an ogre
  3948 | D:4      | Noticed an ogre
  3952 | D:4      | Killed an ogre
  3957 | D:4      | Killed an ogre
  4250 | D:4      | Your scales start taking on a rich purple colour.
  4250 | D:4      | Reached XP level 7. HP: 60/60 MP: 9/9
  4935 | D:5      | Entered Level 5 of the Dungeon
  5403 | D:5      | Reached skill level 5 in Maces & Flails
  5474 | D:5      | Acquired Okawaru's first power
  5597 | D:5      | Found a glowing golden altar of the Shining One.
  5961 | D:5      | Found an ancient bone altar of Kikubaaqudgha.
  5963 | D:5      | Noticed a human
  5968 | D:5      | Killed a human
  6054 | D:6      | Reached skill level 5 in Fighting
  6060 | D:6      | Reached XP level 8. HP: 41/68 MP: 13/13
  6294 | D:6      | Found Shrekhlusmo's Armour Shoppe.
  6320 | D:6      | Reached skill level 5 in Shields
  6468 | D:6      | Found Wiry's Food Boutique.
  6490 | D:6      | Reached skill level 6 in Maces & Flails
  6606 | D:6      | Found Xottul's Assorted Antiques.
  6948 | D:7      | Found a stormy altar of Qazlal.
  7363 | D:7      | Found a glowing silver altar of Zin.
  7365 | D:7      | Noticed an angel
  7368 | D:7      | Found a shimmering altar of Xom.
  7577 | D:7      | Noticed ElfBoy's ghost (experienced DECj)
  7586 | D:7      | Killed ElfBoy's ghost
  7586 | D:7      | Reached XP level 9. HP: 73/75 MP: 13/16
  7599 | D:7      | Reached skill level 7 in Maces & Flails
  7599 | D:7      | Reached skill level 5 in Dodging
  7846 | D:7      | Found a staircase to the Ecumenical Temple.
  8295 | D:7      | Reached skill level 5 in Invocations
  8614 | D:8      | Noticed Joseph
  8665 | D:8      | Killed Joseph
  8840 | D:8      | Reached skill level 5 in Throwing
  8901 | D:8      | Reached XP level 10. HP: 84/84 MP: 18/18
  8920 | D:8      | Reached skill level 8 in Maces & Flails
  9249 | D:8      | Noticed Edmund
  9258 | D:8      | Killed Edmund
  9258 | D:8      | Received a gift from Okawaru
  9388 | D:8      | Found Klec Esi's Magic Scroll Shop.
 10273 | D:9      | Received a gift from Okawaru
 10341 | D:9      | Found a staircase to the Orcish Mines.
 10661 | D:9      | Killed an unseen horror
 10661 | D:9      | Received a gift from Okawaru
 10661 | D:9      | Reached skill level 9 in Maces & Flails
 11068 | D:9      | Received a gift from Okawaru
 11336 | D:9      | Reached XP level 11. HP: 75/94 MP: 21/21
 11462 | D:9      | Received a gift from Okawaru
 11527 | D:9      | Found a staircase to the Lair.
 12022 | D:9      | Noticed Pikel
 12027 | D:9      | Killed Pikel
 12229 | D:10     | Entered Level 10 of the Dungeon
 12523 | D:10     | Found a staircase to the Orcish Mines.
 12591 | D:10     | Killed an unseen horror
 12942 | D:10     | Reached skill level 10 in Maces & Flails
 12990 | D:10     | Found Xusuce's Jewellery Shop.
 13089 | D:10     | Noticed a hill giant
 13205 | D:10     | Killed a hill giant
 13745 | D:11     | Acquired Okawaru's second power
 13745 | D:11     | Received a gift from Okawaru
 13761 | D:11     | Got a twitching tin ring
 13763 | D:11     | Identified the ring of Schabab {Int+2 Dex+4} (You found it on level 11 of the Dungeon)
 13768 | D:11     | Noticed Nessos
 13788 | D:11     | Killed Nessos
 14271 | D:11     | Received a gift from Okawaru
 14272 | D:11     | Got a bloodstained cloak {god gift}
 14283 | D:11     | Identified the +0 cloak "Quixeblearch" {+Fly Str-3 Int+4 Dex+4 Stlth-} (Okawaru gifted it to you on level 11 of the Dungeon)
 14610 | D:11     | Noticed a hill giant
 14619 | D:11     | Killed a hill giant
 14950 | D:11     | Identified a scroll of acquirement
 15277 | Lair:1   | Entered Level 1 of the Lair of Beasts
 15277 | Lair:1   | Noticed Matholomew's ghost (experienced FoFi)
 15300 | Lair:1   | Killed Matholomew's ghost
 15454 | Lair:1   | Reached XP level 12. HP: 32/104 MP: 15/23
 15520 | Lair:1   | Noticed Ironfoot's ghost (experienced TrMo)
 15585 | Lair:1   | Killed Ironfoot's ghost
 15585 | Lair:1   | Reached skill level 11 in Maces & Flails
 15602 | Lair:1   | HP: 2/104 [spiny frog (11)]
 15604 | Lair:1   | Succumbed to a spiny frog's poison

Action                   |  1- 3 |  4- 6 |  7- 9 | 10-12 || total
-------------------------+-------+-------+-------+-------++-------
Melee: Flail             |    89 |   133 |   300 |   431 ||   953
Throw: Stone             |    56 |   137 |   170 |    18 ||   381
       Javelin           |       |       |    55 |   134 ||   189
       Tomahawk          |       |       |    37 |    87 ||   124
Invok: Heroism           |       |       |     6 |    13 ||    19
       Finesse           |       |       |       |     1 ||     1
Evoke: Wand              |       |       |     4 |    22 ||    26
  Use: Scroll            |     4 |     3 |     6 |     5 ||    18
       Potion            |     2 |     1 |     4 |     6 ||    13
 Stab: Sleeping          |       |       |       |     1 ||     1
  Eat: Chunk             |     2 |     4 |    13 |    21 ||    40
       Bread ration      |       |     1 |     1 |       ||     2

Vault maps used:
D:1:      dpeg_arrival_erosion
D:2:      gammafunk_temple_overflow_pools
D:3:      first_bread
D:4:      st_stairs_3, uniq_sigmund
D:5:      kennysheep_little_box, tgw_kikubaaqudgha
D:6:      serial_shops, nicolae_shop_behind_doors, shop, shop,
          lemuel_flamethrower_1
D:7:      grunt_temple_overflow_order_and_chaos_1, grunt_qazlal_clouds,
          nicolae_overflow_hidden_temple, minmay_temple_entry_from_below_a,
          enter_ossuary_5, grunt_livestock
D:8:      serial_shops, nicolae_shop_behind_doors, uniq_edmund, uniq_joseph
D:9:      erik_lair_island, zombieorc2_lemuel, uniq_pikel
D:10:     david_orc_3, serial_shops, shop
D:11:     lab_entry_generic, uniq_nessos
Lair:1:   lemuel_fruit_fields, grunt_megastairs_1
